 Dungeon Crawl Stone Soup version 0.31-a0-217-g58bb5d79cf (webtiles) character file.

Game seed: 7978602752917408303

102 qw the Shooter (level 4, -2/26 HPs)
             Began as a Gargoyle Hexslinger on July 2, 2023.
             Slain by a black bear (3 damage)
             ... on level 4 of the Dungeon.
             The game lasted 00:01:14 (2923 turns).

qw the Shooter (Gargoyle Hexslinger)                Turns: 2923, Time: 00:01:14

Health: -2/26      AC: 10    Str: 12    XL:     4   Next: 77%
Magic:  0/5        EV: 10    Int: 13    God:
Gold:   212        SH:  0    Dex: 14    Spells: 4/5 levels left

rFire   . . .        Y - +1 sling
rCold   . . .        (no shield)
rNeg    + . .        p - +0 ring mail
rPois   inf          j - +0 helmet
rElec   +            (no cloak)
rCorr   .            (no gloves)
SInv    +            c - +0 pair of boots
Will    .....        h - amulet of guardian spirit
Stlth   +            n - ring of see invisible
HPRegen 0.24/turn    (no ring)
MPRegen 0.09/turn

%: guardian spirit
@: no status effects
A: sickness immunity, AC +3, negative energy resistance 1, electricity
resistance, torment resistance 1, petrification resistance
a: no special abilities


You were on level 4 of the Dungeon.
You visited 1 branch of the dungeon, and saw 4 of its levels.

You collected 212 gold pieces.


Innate Abilities, Weirdness & Mutations

You are immune to sickness and miasma.
Your stone body is resilient. (AC +3)
You are immune to poison.
You resist negative energy. (rN+)
You are resistant to electric shocks. (rElec)
You are resistant to unholy torment.
You are immune to petrification.


   Skills:
 - Level 2.0 Fighting
 + Level 4.3 Ranged Weapons
 - Level 1.0 Armour
 - Level 1.5 Dodging
 - Level 1.0 Spellcasting
 - Level 2.6 Hexes


You had 4 spell levels left.
You knew the following spells:

 Your Spells              Type           Power      Damage    Failure   Level
a - Slow                  Hex            28%        N/A       22%         1

Your spell library contained the following spells:

 Spells                   Type           Power      Damage    Failure   Level
 Inner Flame              Hex/Fire       4%         N/A       73%         3
 Portal Projectile        Hex/Tloc       8%         N/A       73%         3
 Cause Fear               Hex            3%         N/A       91%         4

Inventory:

Hand Weapons
 Y - a +1 sling (weapon)
Armour
 c - a +0 pair of boots (worn)
 j - a +0 helmet (worn)
 p - a +0 ring mail (worn)
Jewellery
 h - an amulet of guardian spirit (around neck)
 n - a ring of see invisible (left hand)
Scrolls
 g - a scroll of identify
Potions
 a - a potion of enlightenment
 m - a potion of might
 o - a potion of lignification {unknown}

Dungeon Overview and Level Annotations

Branches:
Dungeon (4/15)
 Temple: D:4-7

Altars:
Gozag


Message History

You shoot a sling bullet. The sling bullet hits the black bear.
The black bear is heavily wounded.
The black bear barely misses you.
The black bear claws you but does no damage. x2
You shoot a sling bullet. The sling bullet hits the black bear.
The black bear is heavily wounded.
The black bear completely misses you. The black bear closely misses you. x2
The black bear barely misses you. The black bear closely misses you. x2
You shoot a sling bullet.
The sling bullet barely misses the black bear.
The black bear bites you but does no damage.
The black bear misses you. The black bear claws you.
You shoot a sling bullet. The sling bullet hits the black bear.
The black bear is severely wounded.
The black bear goes berserk!
You shoot a sling bullet. The sling bullet hits the black bear.
The black bear is severely wounded.
The black bear bites you.
The black bear claws you but does no damage. x2
The black bear bites you.
The black bear claws you but does no damage.
The black bear barely misses you.
You shoot a sling bullet.
The sling bullet closely misses the black bear.
The black bear bites you. The black bear barely misses you. x2
The black bear bites you. The black bear claws you. x2
You shoot a sling bullet. The sling bullet hits the black bear.
The black bear is almost dead.
The black bear bites you!
The black bear claws you but does no damage.
The black bear claws you. The black bear closely misses you.
The black bear claws you.
The black bear claws you but does no damage.
You shoot a sling bullet.
The sling bullet hits the black bear but does no damage.
The black bear is almost dead.
The black bear completely misses you. The black bear barely misses you.
The black bear claws you but does no damage.
The black bear barely misses you. The black bear claws you.
You die...

## #. ##
###.##### .#
#...@%..# .#
#######h###.#
.########....##.#
.'......'......>#
.########.......#
.# #.......# # .#
#.......#.# # .#
#.......#.###.#
.#
###..........=#


You could see a black bear (berserk).

Vanquished Creatures
  2 adders
  A worm (D:4)
  A dart slug (D:3)
  12 ball pythons
  9 bats
  6 endoplasms
  2 giant cockroaches
  9 goblins
  8 hobgoblins
  3 jackals (D:2)
  7 kobolds
  2 quokkas
  6 frilled lizards
  5 rats
73 creatures vanquished.

Notes
Turn   | Place    | Note
-------+----------+-------------------------------------------
     0 | D:1      | qw the Gargoyle Hexslinger began the quest for the Orb.
     0 | D:1      | Reached XP level 1. HP: 12/12 MP: 2/2
     0 | D:1      | 0 ||| qw: Version: 0.3-a-40-ge99b1a8
     0 | D:1      | 0 ||| qw: Game counter: 7953
     0 | D:1      | 0 ||| qw: Melee chars always use a shield: true
     0 | D:1      | 0 ||| qw: God list: Okawaru
     0 | D:1      | 0 ||| qw: Allow faded altars: false
     0 | D:1      | 0 ||| qw: Do Orc after clearing Dungeon:15 true
     0 | D:1      | 0 ||| qw: Do second Lair branch before Depths: true
     0 | D:1      | 0 ||| qw: Lair rune preference: random
     0 | D:1      | 0 ||| qw: Goals: Normal
     0 | D:1      | 0 ||| PLANNING D:1-11
   127 | D:1      | HP: 2/12 [hobgoblin (2)]
   131 | D:1      | Reached XP level 2. HP: 5/16 MP: 3/3
   332 | D:1      | Reached skill level 3 in Ranged Weapons
   404 | D:1      | Reached XP level 3. HP: 21/21 MP: 4/4
   737 | D:1      | 737 ||| UPGRADING to +0 leather armour.
   747 | D:1      | 747 ||| DROPPING +0 robe.
   748 | D:1      | 748 ||| UPGRADING to +0 helmet.
   753 | D:1      | 753 ||| UPGRADING to amulet of guardian spirit.
   758 | D:1      | 758 ||| DROPPING ring of wizardry.
   759 | D:1      | 759 ||| READING scroll labelled MUHOTU ZOS.
   760 | D:1      | 760 ||| READING scroll labelled ALOEZEMOCI.
   761 | D:1      | 761 ||| READING 2 scrolls labelled YMUZOI XOMI.
   762 | D:1      | 762 ||| READING scroll labelled CIONU JORREOQO.
   763 | D:1      | 763 ||| READING scroll labelled FAACOST MIECZA.
   764 | D:1      | 764 ||| DRINKING 2 emerald potions.
   765 | D:1      | 765 ||| DROPPING scroll of poison.
   797 | D:2      | 797 ||| STAIRDANCE
  1200 | D:2      | Reached XP level 4. HP: 26/26 MP: 5/5
  1205 | D:2      | 1205 ||| UPGRADING to +0 pair of boots.
  1439 | D:2      | Reached skill level 4 in Ranged Weapons
  1439 | D:2      | 1439 ||| UPGRADING to +0 ring mail.
  1449 | D:2      | 1449 ||| DROPPING +0 leather armour.
  1655 | D:2      | 1655 ||| UPGRADING to ring of see invisible.
  1656 | D:2      | 1656 ||| READING 3 scrolls labelled ONUDWE LINAUT.
  1657 | D:2      | 1657 ||| READING 2 scrolls labelled UDIUSO NAGHO.
  1662 | D:2      | 1662 ||| READING scroll labelled EDAHEAWK GEYF.
  1663 | D:2      | 1663 ||| DRINKING 2 smoky purple potions.
  1664 | D:2      | 1664 ||| DRINKING 2 cyan potions.
  1665 | D:2      | 1665 ||| READING 2 scrolls of identify.
  1665 | D:2      | 1665 ||| IDENTIFYING dark potion
  1666 | D:2      | 1666 ||| DROPPING 2 scrolls of fear.
  1667 | D:2      | 1667 ||| DROPPING potion of degeneration.
  1668 | D:2      | 1668 ||| DROPPING potion of attraction.
  1820 | D:3      | Found an opulent altar of Gozag.
  1912 | D:3      | 1912 ||| READING scroll labelled LEHIOM RI HICLAMI.
  2231 | D:3      | Reached skill level 1 in Armour
  2685 | D:3      | 2685 ||| DRINKING 2 grey potions.
  2686 | D:3      | 2686 ||| READING 2 scrolls of identify.
  2686 | D:3      | 2686 ||| IDENTIFYING lumpy purple potion
  2687 | D:3      | 2687 ||| DROPPING potion of berserk rage.
  2875 | D:4      | Noticed a black bear
  2886 | D:4      | HP: 6/26 [black bear (4)]
  2887 | D:4      | 2887 ||| READING scroll of teleportation.
  2888 | D:4      | 2888 ||| DRINKING potion of heal wounds.
  2922 | D:4      | HP: 4/26 [black bear (8)]
  2922 | D:4      | HP: 1/26 [black bear (1)]
  2923 | D:4      | Slain by a black bear

Levels and vault maps discovered:
D:1:      spicycebolla_green_bress_n_ham, layout_basic, nicolae_eternal_life,
          hangedman_decor_riveting
D:2:      layout_basic, nicolae_concentric_dashed_squares_mild
D:3:      layout_loops_corners, nicolae_gozag_cash_rules_everything_around_me,
          palyth_stone_intersect, minmay_puff
D:4:      layout_basic

Skill      XL: |  1  2  3  4 |
---------------+-------------+-----
Ranged Weapons | 3 4 |  4.3
Fighting       | 2 |  2.0
Armour         | 1 |  1.0
Dodging        | |  1.5
Spellcasting   | |  1.0
Hexes          | |  2.6

Action                     |  1- 3 |  4- 6 || total
---------------------------+-------+-------++-------
   Fire: Sling             |   132 |   117 ||   249
    Use: Scroll            |     5 |     7 ||    12
         Potion            |     1 |     4 ||     5
 Armour: Robe              |    20 |       ||    20
         Leather armour    |     6 |     3 ||     9
         Ring mail         |       |    27 ||    27
  Dodge: Dodged            |    62 |    59 ||   121

Table legend:
 A = Non-vault XP
 B = Vault XP
 C = Vault XP percentage of total XP
 D = Non-vault monster count
 E = Vault monster count
 F = Vault count percentage of total count
                 A         B        C        D         E       F
            +---------+---------+-------+---------+---------+-------
      Total |     142 |       4 |   2.7 |      70 |       3 |   4.1
            +---------+---------+-------+---------+---------+-------
        D:1 |      60 |       0 |   0.0 |      31 |       0 |   0.0
        D:2 |      34 |       0 |   0.0 |      21 |       0 |   0.0
        D:3 |      18 |       4 |  18.2 |      10 |       3 |  23.1
        D:4 |      30 |       0 |   0.0 |       8 |       0 |   0.0
            +---------+---------+-------+---------+---------+-------
